 Dungeon Crawl Stone Soup version 0.27-a0-412-g8dd771eca2 (webtiles) character file.

Game seed: 15534087106919716721

75 Morbidden the Conjurer (level 4, 0/31 HPs)
             Began as a Demonspawn Conjurer on Feb 24, 2021.
             Slain by a worm (8 damage)
             ... on level 3 of the Dungeon.
             The game lasted 00:02:24 (2325 turns).

Morbidden the Conjurer (Demonspawn Conjurer)        Turns: 2325, Time: 00:02:25

Health: 0/31       AC:  2    Str:  7    XL:     4   Next: 11%
Magic:  2/7        EV: 12    Int: 20    God:
Gold:   100        SH:  0    Dex: 12    Spells: 5/8 levels left

rFire    . . .     SeeInvis .   (no weapon)
rCold    . . .     Faith    .   (no shield)
rNeg     . . .     Spirit   .   a - +0 robe
rPois    .         Reflect  .   (no helmet)
rElec    .         Harm     .   (no cloak)
rCorr    .         Rampage  .   (no gloves)
Will     .....                  (no boots)
Stlth    ++........             (no amulet)
HPRegen  0.10/turn              (no ring)
MPRegen  0.10/turn              (no ring)

@: no status effects
A: hooves 1, powered by death 1
a: no special abilities


You were on level 3 of the Dungeon.
You visited 1 branch of the dungeon, and saw 3 of its levels.

You collected 100 gold pieces.

Inventory:

Armour
 a - a +0 robe (worn)
Scrolls
 b - a scroll of fog {unknown}
 c - a scroll of identify {unknown}
 e - 2 scrolls of enchant armour {unknown}
 f - 2 scrolls of immolation {unknown}
 i - 2 scrolls of teleportation {unknown}
 n - a scroll of enchant weapon {unknown}
 o - a scroll of amnesia {unknown}
Potions
 d - a potion of degeneration {unknown}
 h - a potion of heal wounds {unknown}
 j - a potion of might {unknown}
 k - a potion of berserk rage {unknown}
 l - a potion of curing {unknown}
 m - a potion of magic {unknown}


   Skills:
 * Level 0.8 Fighting
 + Level 0.1 Throwing
 + Level 2.0 Dodging
 + Level 2.0 Stealth
 * Level 2.6 Spellcasting
 * Level 4.9 Conjurations


You had 5 spell levels left.
You knew the following spells:

 Your Spells              Type           Power        Failure   Level
a - Magic Dart            Conj           88%          1%          1
b - Searing Ray           Conj           44%          3%          2

Your spell library contained the following spells:

 Spells                   Type           Power        Failure   Level
 Dazzling Flash           Conj/Hex       24%          16%         3
 Fulminant Prism          Conj/Hex       6%           47%         4
 Iskenderun's Mystic Bla  Conj/Tloc      12%          47%         4


Dungeon Overview and Level Annotations

Branches:
Dungeon (3/15)

Altars:
Nemelex Xobeh
Yredelemnul


Innate Abilities, Weirdness & Mutations

You have large cloven feet.
You regenerate a little health from kills.


Message History

The worm is heavily wounded.
The worm completely misses you.
You hit the worm but do no damage. You kick the worm.
The worm is severely wounded.
The worm barely misses you.
You hit the worm but do no damage. You kick the worm, but do no damage.
The worm is severely wounded.
You hit the worm but do no damage.
The worm is severely wounded.
The worm misses you.
You hit the worm but do no damage.
The worm is heavily wounded.
Throw: 4 javelins (silver)
Press: ? - help, Q - select action, (/) - cycle Shift-Dir - straight line, f/p - worm
Aim: a worm (heavily wounded, 76% to hit)
You throw a silver javelin.
The silver javelin barely misses the worm.
The worm bites you.
Throw: 3 javelins (silver)
Press: ? - help, Q - select action, (/) - cycle Shift-Dir - straight line, f/p - worm
Aim: a worm (heavily wounded, 76% to hit)
You throw a silver javelin.
The silver javelin barely misses the worm.
The worm bites you but does no damage.
Throw: 2 javelins (silver)
Press: ? - help, Q - select action, (/) - cycle Shift-Dir - straight line, f/p - worm
Aim: a worm (heavily wounded, 76% to hit)
You throw a silver javelin.
The silver javelin barely misses the worm.
The worm bites you!
* * * LOW HITPOINT WARNING * * *
Unknown command.
Throw: javelin (silver)
Press: ? - help, Q - select action, (/) - cycle Shift-Dir - straight line, f/p - worm
Aim: a worm (moderately wounded, 76% to hit)
You throw a silver javelin.
The silver javelin pierces through the worm.
The worm is severely wounded.
The worm bites you!
You die...

... ..) ... #.# #.#
#.# ##'## ##...## #
### ##....@## #.##.##
##......w##
#.#.<.####.........##
.........'.........(.
##.....###..........##
#.....# ##.......#.#
#.....# ##.....##.#
#.....# ##.).## .#
#.....# ####†+##


You could see a worm.

Vanquished Creatures
  2 adders (D:2)
  3 dart slugs
  A leopard gecko (D:2)
  5 orcs (D:3)
  A giant cockroach (D:2)
  7 goblins
  5 hobgoblins
  A quokka (D:3)
  4 ball pythons (D:2)
  5 bats
  4 frilled lizards
  3 kobolds
  4 rats
45 creatures vanquished.

Notes
Turn   | Place    | Note
-------+----------+-------------------------------------------
     0 | D:1      | Morbidden the Demonspawn Conjurer began the quest for the
                  | Orb.
     0 | D:1      | Reached XP level 1. HP: 13/13 MP: 3/3
   620 | D:1      | Found a sparkling altar of Nemelex Xobeh.
   804 | D:2      | Gained mutation: You have large cloven feet. [demonic
                  | ancestry]
   804 | D:2      | Reached XP level 2. HP: 20/20 MP: 3/5
   913 | D:2      | Learned a level 2 spell: Searing Ray
  1192 | D:2      | Reached XP level 3. HP: 25/25 MP: 1/6
  1992 | D:3      | Found a basalt altar of Yredelemnul.
  2126 | D:3      | Gained mutation: You regenerate a little health from kills.
                  | [demonic ancestry]
  2126 | D:3      | Reached XP level 4. HP: 31/31 MP: 0/7
  2325 | D:3      | Slain by a worm

Illustrated notes

Levels and vault maps discovered:
D:1:      wander_arrival_estate, layout_basic, kennysheep_small_spiral,
          nemelex_altar_shiori
D:2:      layout_loops_ring
D:3:      layout_loops_corners, overflow_temple_1_default,
          yredelemnul_altar_generic, uniq_sigmund

Skill      XL: |  1  2  3 |
---------------+----------+-----
Dodging        | 2 |  2.0
Stealth        | 2 |  2.0
Fighting       | |  0.8
Throwing       | |  0.1
Spellcasting   | |  2.6
Conjurations   | |  4.9

Action                   |  1- 3 |  4- 6 || total
-------------------------+-------+-------++-------
Melee: Unarmed           |     4 |     6 ||    10
       Kick              |     1 |     2 ||     3
Throw: Javelin           |     5 |     4 ||     9
 Cast: Magic Dart        |    84 |    15 ||    99
Armor: Robe              |     3 |     2 ||     5
Dodge: Dodged            |     9 |     4 ||    13

Table legend: (Time is in decaauts)
 A = Elapsed time spent in this place.
 B = Non-inter-level travel time spent in this place.
 C = Inter-level travel time spent in this place.
 D = Time resting spent in this place.
 E = Time spent auto-exploring this place.
 F = Levels seen in this place.
 G = Mean time per level.
                   A        B        C        D        E       F      G
               +--------+--------+--------+--------+--------+-----+--------+
         Total |   2329 |   2277 |     52 |     21 |   1978 |   3 |  776.3 |
       Dungeon |   2329 |   2277 |     52 |     21 |   1978 |   3 |  776.3 |
               +--------+--------+--------+--------+--------+-----+--------+

Top non-repeatable levels by time:
     D:2: 1140 daAuts
     D:1: 802 daAuts
     D:3: 386 daAuts
